[Event "Late-Titled-Tuesday-Blitz-January-16-2024"]
[Site "Chess.com"]
[Date "2024.01.16"]
[Round "4"]
[White "MightyGMpretender"]
[Black "StellarChess"]
[Result "1-0"]
[WhiteElo "2823"]
[BlackElo "2582"]
[TimeControl "180+1"]
[EndTime "14:37:26 PST"]
[Termination "MightyGMpretender won by resignation"]

1. e4 Nc6 2. Nf3 e5 3. Bb5 Nf6 4. d3 d6 5. O-O Bd7 6. c4 a6 7. Bxc6 Bxc6 8. Nc3 Be7 9. Re1 O-O 10. d4 exd4 11.
Nxd4 Bd7 12. Bf4 Re8 13. h3 Be6 14. Nxe6 fxe6 15. e5 dxe5 16. Bxe5 Qxd1 17. Raxd1 Rac8 18. Bxf6 Bxf6 19. Rd7 Kf8 20. Ne4 Bxb2 21. Rb1 Be5 22.
Rxb7 Rb8 23. Rb3 Rb6 24. g3 Re7 25. Rd8+ Re8 26. Rdd3 Reb8 27. Nc5 Ke8 28. Nxe6 Rxb3 29. axb3 Ke7 30. Nc5 a5 31. Re3 Kd6 32. Rxe5 Kxe5 33. Nd7+ Kd4 34. Nxb8 Kc3 35. Nc6 Kxb3 36. Nxa5+ Kb4 37.
Nc6+ Kxc4 38. Kf1 Kd3 39. Ke1 h5 40. h4 Ke4 41. Ke2 Kd5 42. Ne7+ Ke6 43. Ng6 Kf5 44. Nf4 g6 45. Nd3 Ke4 46. Nc5+ Kd5 47. Nd7 Ke6 48. Nf8+ Kf7 49. Nxg6 Kxg6 50. f3 Kf5 51. Kd3 Ke5 52.
g4 hxg4 53. fxg4 Kf4 54. g5 Kf5 55. Kc4 Kg6 56. Kc5 Kh5 57. Kc6 Kxh4 58. g6 1-0

[Event "Late-Titled-Tuesday-Blitz-January-16-2024"]
[Site "Chess.com"]
[Date "2024.01.16"]
[Round "4"]
[White "JaackCamel"]
[Black "KorolDimitriy75"]
[Result "0-1"]
[WhiteElo "2153"]
[BlackElo "2350"]
[TimeControl "180+1"]
[EndTime "14:37:26 PST"]
[Termination "KorolDimitriy75 won by resignation"]

1. d4 Nf6 2. c4 c5 3. d5 b5 4. cxb5 a6 5. bxa6 g6 6. Nc3 Bxa6 7. e4 Bxf1 8. Kxf1 d6 9. g3 Bg7 10. Kg2 O-O 11. Nf3 Nbd7 12. a4 Qb8 13. Qe2 Qb4 14.
Bd2 Nb6 15. b3 Rfb8 16. Rab1 Qa5 17. Nb5 Qa6 18. Rhe1 Ne8 19. Qe3 c4 20. Nbd4 cxb3 21. Qxb3 Nd7 22. Qe3 Rxb1 23. Rxb1 Qxa4 24. Nc6 Kf8 25.
Qg5 Nef6 26. e5 dxe5 27. Nfxe5 Qe4+ 28. f3 Qxb1 29. Nxd7+ Nxd7 30. Qxe7+ Kg8 31. Qxd7 Ra2 32. Qe8+ Bf8 33. Ne7+ Kg7 34. Nf5+ gxf5 35. Qe5+ f6 36. Qc7+ Kg6 37. Qf4 Qc2 0-1

[Event "Late-Titled-Tuesday-Blitz-January-16-2024"]
[Site "Chess.com"]
[Date "2024.01.16"]
[Round "4"]
[White "GothamChess"]
[Black "FabianoCaruana"]
[Result "0-1"]
[WhiteElo "2748"]
[BlackElo "3026"]
[TimeControl "180+1"]
[EndTime "14:37:28 PST"]
[Termination "FabianoCaruana won by resignation"]

1. d4 a5 2. Bf4 d6 3. Nc3 a4 4. e3 a3 5. bxa3 Rxa3 6. Qd2 Nf6 7. Bc4 e6 8. Bb3 Be7 9. Nf3 O-O 10. O-O b6 11. Nb5 Ra8 12. c4 Bb7 13. d5 e5 14. Bg3 Nbd7 15. a4 Nc5 16. Bc2 Nfe4 17. Bxe4 Nxe4 18. Qc2 Nc5 19. Nd2 Bc8 20. f4 exf4 21.
exf4 Bf6 22. Ra3 g6 23. f5 Bxf5 24. Rxf5 gxf5 25. Qxf5 Bg7 26. Bf2 Qf6 27. Qxf6 Bxf6 28. Nxc7 Ra5 29. Nb5 Rd8 30. Rf3 Be5 31. Ra3 Rda8 32. Nf3 Rxa4 33. Bxc5 bxc5 34. Rxa4 Rxa4 35.
Nxe5 dxe5 36. Nd6 Kf8 37. Kf2 Ke7 38. Nf5+ Kd7 39. Ne3 f5 40. g3 f4 41. Ng4 Kd6 42. gxf4 exf4 43. Nh6 Rxc4 0-1

[Event "Late-Titled-Tuesday-Blitz-January-16-2024"]
[Site "Chess.com"]
[Date "2024.01.16"]
[Round "4"]
[White "Njal28"]
[Black "AradNazari"]
[Result "1-0"]
[WhiteElo "3021"]
[BlackElo "2626"]
[TimeControl "180+1"]
[EndTime "14:37:28 PST"]
[Termination "Njal28 won by resignation"]

1. d4 b5 2. e4 a6 3. Bd3 e6 4. Nf3 c5 5. c3 Bb7 6. O-O Nf6 7.
Re1 d5 8. e5 Nfd7 9. Ng5 g6 10.
Qg4 Nc6 11. Nxe6 Qb6 12. Nxf8 Nxf8 13. Bg5 h5 14. Qh4 cxd4 15. Bf6 Rg8 16. Nd2 Ne6 17. Nf3 dxc3 18. bxc3 d4 19. c4 Nb4 20. Be4 bxc4 21. Rab1 Rb8 22. a3 a5 23. axb4 axb4 24.
Bxb7 Rxb7 25. Ra1 b3 26. Qe4 b2 27. Ra8+ Kd7 28. Qd5+ Kc7 29. Rxg8 b1=Q 30. Bd8+ Nxd8 31. Qxd8+ Kc6 32. Qd6+ 1-0

[Event "Late-Titled-Tuesday-Blitz-January-16-2024"]
[Site "Chess.com"]
[Date "2024.01.16"]
[Round "4"]
[White "A-Fier"]
[Black "ozates"]
[Result "0-1"]
[WhiteElo "2752"]
[BlackElo "2585"]
[TimeControl "180+1"]
[EndTime "14:37:31 PST"]
[Termination "ozates won by resignation"]

1. d4 Nf6 2. Bg5 Ne4 3. h4 c5 4. dxc5 Nxc5 5. Nc3 Nc6 6. e4 d6 7. Qd2 Be6 8. O-O-O Rc8 9. f3 a6 10. Nge2 Qa5 11.
a3 b5 12. Nd5 Qd8 13. Kb1 Ne5 14. Nef4 h6 15. Nxe6 fxe6 16. Bf4 exd5 17. exd5 g6 18. h5 g5 19. Bxe5 dxe5 20. g3 Qd6 21. Bh3 Rc7 22.
Bf5 Bg7 23. Bg6+ Kd8 24. Rhe1 e4 25. fxe4 Be5 26. c3 Kc8 27. Re3 Kb7 28. Rf3 Na4 29.
g4 a5 30. Rc1 Ka6 31. Qe2 Rc4 32. Rd3 Rhc8 33. Kc2 Kb7 34. Kd1 b4 35. axb4 axb4 36. Ke1 Qb6 37. Kf1 Rf8+ 38. Bf5 bxc3 39. bxc3 Nxc3 40. Qe3 Qxe3 41. Rxe3 Ra8 42. Rf3 Ra2 43. Be6 Rxe4 44. d6 exd6 45. Bxa2 Nxa2 46. Rb3+ Rb4 47. Rxb4+ Nxb4 48. Rb1 Bc3 49. Ke2 Kc6 50. Ke3 Kc5 51.
Ke4 d5+ 52. Kf5 d4 53. Kg6 d3 54. Kxh6 Bd2 55. Kg6 Nc6 56. Rd1 Bf4 57. h6 Ne5+ 58.
Kg7 Nxg4 59. h7 Be5+ 60. Kg6 Kd4 61. Kf5 Ne3+ 62. Kxg5 Nxd1 0-1

[Event "Late-Titled-Tuesday-Blitz-January-16-2024"]
[Site "Chess.com"]
[Date "2024.01.16"]
[Round "4"]
[White "rasmussvane"]
[Black "KNVB"]
[Result "1-0"]
[WhiteElo "2987"]
[BlackElo "2698"]
[TimeControl "180+1"]
[EndTime "14:37:32 PST"]
[Termination "rasmussvane won by resignation"]

1. Nf3 b6 2. g3 Bb7 3. Bg2 e6 4. O-O c5 5. c4 Nf6 6. Nc3 a6 7.
d4 cxd4 8. Qxd4 d6 9. Bg5 Be7 10. Bxf6 Bxf6 11. Qf4 O-O 12. Rfd1 Be7 13. Ne4 Bxe4 14.
Qxe4 Ra7 15. Nd4 Rc7 16. b3 Qc8 17. Rd2 Re8 18. Rad1 Bf8 19. e3 Nd7 20. Qb1 g6 21. a4 Nc5 22. Qa2 Nd7 23. h3 Nc5 24. a5 bxa5 25.
Rb1 a4 26. bxa4 Nd7 27. Bf1 Ne5 28. Rc2 Rc5 29. Be2 h5 30. Rcb2 Qd7 31. Rb7 Rc7 32.
R7b6 Ra8 33. Nf3 Nxf3+ 34. Bxf3 Raa7 35. a5 Rc5 36. Bb7 Qc7 37. Bxa6 d5 38. cxd5 Rc1+ 39. Rxc1 Qxc1+ 40. Bf1 exd5 41. Qxd5 Qa1 42. Rxg6+ Kh7 43. Qxh5+ 1-0

[Event "Late-Titled-Tuesday-Blitz-January-16-2024"]
[Site "Chess.com"]
[Date "2024.01.16"]
[Round "4"]
[White "Jarrahi2452"]
[Black "dropstoneDP"]
[Result "0-1"]
[WhiteElo "2621"]
[BlackElo "3004"]
[TimeControl "180+1"]
[EndTime "14:37:32 PST"]
[Termination "dropstoneDP won by resignation"]

1. d4 d5 2. Bf4 c5 3. e3 Nc6 4. c3 Bf5 5. Qb3 Qd7 6. Nf3 e6 7. Nbd2 cxd4 8. exd4 f6 9. h3 h5 10. Be2 g5 11. Bg3 Nge7 12. a4 Ng6 13. a5 a6 14.
Qa4 h4 15. Bh2 Bd6 16. Nb3 Bxh2 17. Nxh2 Nf4 18. Nc5 Qc7 19. Bf3 Kf7 20. O-O e5 21.
Rfe1 e4 22. Bg4 Bxg4 23. Nxg4 Kg6 24. Ne3 f5 25. Qa2 Rad8 26. Nf1 g4 27. hxg4 fxg4 28.
Rad1 Qf7 29. Qb3 h3 30. Qxb7 Qxb7 31. Nxb7 hxg2 32. Ng3 Rd7 33. Nc5 Rdh7 34. f3 Rh1+ 35. Kf2 Rxe1 36. Rxe1 gxf3 37. Ke3 Nh3 38. Ngxe4 dxe4 39. Nxe4 g1=Q+ 0-1

[Event "Late-Titled-Tuesday-Blitz-January-16-2024"]
[Site "Chess.com"]
[Date "2024.01.16"]
[Round "4"]
[White "GulamaliRises"]
[Black "Harsha_Bharathakoti"]
[Result "0-1"]
[WhiteElo "2614"]
[BlackElo "2944"]
[TimeControl "180+1"]
[EndTime "14:37:33 PST"]
[Termination "Harsha_Bharathakoti won on time"]

1. e4 c5 2. d4 cxd4 3. Nf3 Nc6 4. Nxd4 Nf6 5. Nc3 d6 6. Bg5 e6 7.
Qd2 a6 8. O-O-O Bd7 9. f4 b5 10. Bxf6 gxf6 11. Nxc6 Bxc6 12. Bd3 Qb6 13. Kb1 Qc5 14.
Qe1 h5 15. Qh4 Be7 16. f5 b4 17. Ne2 e5 18. Ng3 a5 19. Nxh5 Kd8 20. g4 a4 21. Qe1 a3 22. Qe2 Qd4 23. c3 bxc3 24. b3 c2+ 25. Qxc2 Rc8 26. Rhe1 Bxe4 27. Bxe4 Rxc2 28.
Rxd4 Rb2+ 29. Ka1 exd4 30. Bd5 d3 31. Rd1 d2 32. Bxf7 d5 0-1

[Event "Late-Titled-Tuesday-Blitz-January-16-2024"]
[Site "Chess.com"]
[Date "2024.01.16"]
[Round "4"]
[White "Rutricks"]
[Black "Perecke"]
[Result "1-0"]
[WhiteElo "2723"]
[BlackElo "2549"]
[TimeControl "180+1"]
[EndTime "14:37:33 PST"]
[Termination "Rutricks won on time"]

1. d4 Nf6 2. Nc3 d5 3. Bf4 g6 4.
Qd2 Bg7 5. h4 h5 6. O-O-O a6 7.
Nh3 b5 8. f3 Nbd7 9. Ng5 Nb6 10. e4 O-O 11. e5 Nh7 12. g4 hxg4 13. h5 Nxg5 14. Bxg5 b4 15. Nb1 Bf5 16. h6 f6 17.
hxg7 Re8 18. Qh2 Kf7 19. Bf4 Rc8 20. Bxa6 Ra8 21. Bb5 c6 22. Bxc6 Rg8 23. exf6 Rc8 24. Rhe1 exf6 25. fxg4 Bxg4 26. Bd6 1-0

[Event "Late-Titled-Tuesday-Blitz-January-16-2024"]
[Site "Chess.com"]
[Date "2024.01.16"]
[Round "4"]
[White "AntonSmirnov"]
[Black "Oleksandr_Bortnyk"]
[Result "1-0"]
[WhiteElo "2937"]
[BlackElo "3100"]
[TimeControl "180+1"]
[EndTime "14:37:35 PST"]
[Termination "AntonSmirnov won by resignation"]

1. e4 Nf6 2. e5 Nd5 3. Nc3 Nxc3 4.
dxc3 d6 5. Nf3 Nc6 6. exd6 cxd6 7.
Bd3 g6 8. Qe2 Bg7 9. Bd2 Qb6 10.
O-O-O e5 11. h4 Be6 12. h5 Bxa2 13. hxg6 hxg6 14. Rxh8+ Bxh8 15. Rh1 O-O-O 16. b3 f5 17. Ng5 e4 18. Bb5 Bf6 19. Ne6 Re8 20. Qc4 Kb8 21.
Rh7 Rc8 22. Qd5 Ne7 23. Rxe7 Bxe7 24. Nd4 Qc5 25. Qe6 Qa3+ 26. Kd1 Bf8 27. Bd7 Rd8 28. Qf6 Qa5 29. Ne6 Rxd7 30. Qxf8+ Rd8 31. Qxd8+ Qxd8 32. Nxd8 a5 33. Kc1 Kc7 34. Ne6+ Kc6 35. Kb2 Bxb3 1-0

[Event "Late-Titled-Tuesday-Blitz-January-16-2024"]
[Site "Chess.com"]
[Date "2024.01.16"]
[Round "4"]
[White "TigrVShlyape"]
[Black "GMKrikor"]
[Result "1-0"]
[WhiteElo "2944"]
[BlackElo "2718"]
[TimeControl "180+1"]
[EndTime "14:37:35 PST"]
[Termination "TigrVShlyape won on time"]

1. e4 e6 2. d4 d5 3. Nc3 Nf6 4. e5 Nfd7 5. f4 c5 6. Nf3 Nc6 7. Be3 a6 8. Qd2 b5 9. Bd3 Qb6 10. dxc5 Bxc5 11. Nd1 Bb7 12. O-O Rc8 13. Kh1 b4 14.
Bxc5 Nxc5 15. Ne3 a5 16. f5 Ne4 17. Qe1 Ba6 18. fxe6 fxe6 19. Ng4 O-O 20. Qh4 Rf5 21.
Rfe1 Rcf8 22. Bxe4 dxe4 23. Rxe4 Bb7 24. Ne3 Rxf3 25. gxf3 Nd8 26. Nc4 Qc6 27. Kg2 Qc7 28. Rf4 Rxf4 29. Qxf4 Nf7 30. Rd1 Bd5 31. Ne3 Bc6 32.
Qc4 Nxe5 33. Qxe6+ Nf7 34. Nd5 Bxd5 35. Rxd5 Qxc2+ 36. Kg3 h6 37. Qe8+ Kh7 38. Qxf7 1-0

[Event "Late-Titled-Tuesday-Blitz-January-16-2024"]
[Site "Chess.com"]
[Date "2024.01.16"]
[Round "4"]
[White "jefferyx"]
[Black "rezamahdavi2008"]
[Result "0-1"]
[WhiteElo "2991"]
[BlackElo "2867"]
[TimeControl "180+1"]
[EndTime "14:37:36 PST"]
[Termination "rezamahdavi2008 won by resignation"]

1. d4 Nf6 2. c4 e6 3. Nf3 d5 4.
Nc3 c6 5. Bg5 dxc4 6. a4 b5 7.
axb5 cxb5 8. Nxb5 Qb6 9. Na3 Bxa3 10. Qa4+ Nc6 11. Qxa3 Ne4 12. e3 f6 13. Bf4 Nb4 14.
Rc1 Ba6 15. Be2 O-O 16. O-O Rfc8 17. Ra1 Bb7 18. Rfc1 Bd5 19. Ne1 a5 20. f3 Nd2 21.
e4 Nb3 22. Be3 Nxc1 23. Rxc1 Bb7 24. Bxc4 Ba6 25. b3 Kh8 26. Kf2 Rc7 27. d5 Qd6 28. dxe6 Nd3+ 29. Bxd3 Qxa3 30. Rxc7 Bxd3 31. Nxd3 Qd6 32.
Rd7 Qxe6 33. Nc5 Qc6 34. Bd4 h6 35. h4 Rc8 36. g4 Qb5 37. Rb7 Qc6 38. g5 Qd6 39. Rd7 Qh2+ 40. Kf1 hxg5 41. hxg5 Qh1+ 42. Ke2 Qg2+ 43. Kd3 Qxg5 44. Ne6 Qb5+ 0-1

[Event "Late-Titled-Tuesday-Blitz-January-16-2024"]
[Site "Chess.com"]
[Date "2024.01.16"]
[Round "4"]
[White "chegueps"]
[Black "Bastiandash"]
[Result "0-1"]
[WhiteElo "2680"]
[BlackElo "2526"]
[TimeControl "180+1"]
[EndTime "14:37:36 PST"]
[Termination "Bastiandash won by checkmate"]

1. d4 Nf6 2. c4 e6 3. Nc3 Bb4 4. e3 O-O 5. Bd3 d5 6. a3 Bxc3+ 7. bxc3 dxc4 8. Bxc4 c5 9. Nf3 Qc7 10. Be2 Nc6 11. O-O Rd8 12. Bb2 e5 13. Qa4 e4 14.
Nd2 Bg4 15. Bc4 Rac8 16. Rac1 h5 17. Ba2 Be2 18. Rfe1 Bd3 19. Nf1 h4 20. h3 a6 21.
dxc5 Nd7 22. Qd1 Nf6 23. Nd2 Qe5 24. Qb3 Rc7 25. Red1 Qxc5 26. a4 Rcd7 27. Ba3 Qg5 28. Qb6 Ne5 29. Be7 Nf3+ 30. Nxf3 exf3 31. g4 hxg3 32. h4 gxf2+ 33. Kxf2 Qg2+ 34. Ke1 Qe2# 0-1

[Event "Late-Titled-Tuesday-Blitz-January-16-2024"]
[Site "Chess.com"]
[Date "2024.01.16"]
[Round "4"]
[White "Hirna2005"]
[Black "Levanzovsky"]
[Result "1-0"]
[WhiteElo "2267"]
[BlackElo "2462"]
[TimeControl "180+1"]
[EndTime "14:37:36 PST"]
[Termination "Hirna2005 won by resignation"]

1. e4 c5 2. c3 d5 3. exd5 Qxd5 4. Nf3 Nf6 5. Na3 a6 6. Bc4 Qd6 7. O-O b5 8. Be2 Bb7 9. d4 e6 10. dxc5 Qxd1 11. Rxd1 Bxc5 12. Nc2 Ke7 13. Be3 Nbd7 14. a4 bxa4 15. Rxa4 a5 16. Rc4 Bxe3 17. Nxe3 Ba6 18.
Nd4 Bxc4 19. Nxc4 Rhc8 20. Bf3 Ra6 21. Bb7 Rxc4 22. Bxa6 Rc5 23. Bb5 Nd5 24. c4 N5b6 25.
Nc6+ Rxc6 26. Bxc6 Nc5 27. Bb5 a4 28. Kf1 e5 29.
Ke2 f5 30. f3 Nb3 31. Kd3 Kd6 32. Kc3+ Kc5 33. Rd8 Nd4 34. Rg8 e4 35. fxe4 fxe4 36.
Rxg7 Nxb5+ 37. cxb5 Nd5+ 38. Kd2 Kxb5 39. Rxh7 Kc4 40.
Ra7 Kb3 41. h4 e3+ 42. Ke1 Kxb2 43. Rxa4 1-0

[Event "Late-Titled-Tuesday-Blitz-January-16-2024"]
[Site "Chess.com"]
[Date "2024.01.16"]
[Round "4"]
[White "Durarbayli"]
[Black "MITerryble"]
[Result "0-1"]
[WhiteElo "2860"]
[BlackElo "3033"]
[TimeControl "180+1"]
[EndTime "14:37:37 PST"]
[Termination "MITerryble won by resignation"]

1. e4 e6 2. d4 d5 3. exd5 exd5 4. c4 Bb4+ 5. Nc3 Ne7 6. Bd3 O-O 7. Nf3 dxc4 8. Bxc4 Nbc6 9. h3 Nf5 10. Be3 Nd6 11.
Bb3 Na5 12. O-O Nxb3 13. Qxb3 Ba5 14. d5 Re8 15. Rac1 Bd7 16. Bg5 f6 17. Bf4 Bb6 18.
Na4 Bxa4 19. Qxa4 Re4 20. Qb3 Rxf4 21. Rfe1 Qd7 22. Re6 Qa4 23. Qd3 Qxa2 24. g3 Qxb2 25. Rf1 Rb4 26. Re7 Rb3 27. Qd1 Qc3 28. Nh2 Kf8 29. Re6 Qxg3+ 30. Kh1 Qd3 31. Qh5 Qf5 32. Qh4 Rxh3 0-1

[Event "Late-Titled-Tuesday-Blitz-January-16-2024"]
[Site "Chess.com"]
[Date "2024.01.16"]
[Round "4"]
[White "tactic"]
[Black "Arifarsky"]
[Result "0-1"]
[WhiteElo "2540"]
[BlackElo "2715"]
[TimeControl "180+1"]
[EndTime "14:37:38 PST"]
[Termination "Arifarsky won by resignation"]

1. e4 e5 2. Nf3 Nc6 3. Bc4 Bc5 4. d4 Bxd4 5. Nxd4 exd4 6. O-O Nge7 7. c3 dxc3 8. Nxc3 O-O 9. f4 Na5 10. Bd3 d6 11.
Qh5 f5 12. exf5 Bxf5 13. Re1 Nac6 14. Bc4+ Kh8 15. Bd2 Bg6 16. Qe2 Nf5 17. Rac1 Ncd4 18. Qd1 h5 19. Ne4 d5 20. Bxd5 Qxd5 21. Rc5 Qd7 22.
Bc3 Rad8 23. Ng5 b6 24. Rce5 c5 25. Qd2 Rde8 26. Qf2 Rxe5 27. Rxe5 Nc6 28. Re6 Bf7 29. Re1 Ncd4 30. Kh1 Bd5 31. Kg1 Kg8 32. Re5 Re8 33. Qd2 Rxe5 34. fxe5 Qe7 35. Qf4 Ne2+ 0-1

[Event "Late-Titled-Tuesday-Blitz-January-16-2024"]
[Site "Chess.com"]
[Date "2024.01.16"]
[Round "4"]
[White "pooh2012"]
[Black "Rikikits"]
[Result "0-1"]
[WhiteElo "2547"]
[BlackElo "2834"]
[TimeControl "180+1"]
[EndTime "14:37:40 PST"]
[Termination "Rikikits won on time"]

1. Nf3 c6 2. g3 d5 3. Bg2 Bg4 4. d3 Nd7 5. c4 dxc4 6. dxc4 Ngf6 7. O-O e6 8. Nc3 Nc5 9. h3 Qxd1 10. Rxd1 Bf5 11.
Nh4 Bc2 12. Rd2 Bg6 13. Nxg6 hxg6 14. b3 a5 15. Bb2 Be7 16. Rad1 Rd8 17. Rxd8+ Bxd8 18. e4 e5 19. Ba3 Be7 20. Bc1 Ne6 21. Be3 Bc5 22. Bxc5 Nxc5 23. h4 Ke7 24. Kf1 Rd8 25.
Rxd8 Kxd8 26. Ke2 Ke7 27. f3 Nh5 28. Kf2 Kd6 29. Bf1 Nf6 30. Ke3 Nfd7 31. Bh3 Nf8 32. f4 f6 33. Bg4 Nfe6 34. Bxe6 Nxe6 35. Ne2 Kc5 36. Kd3 Kb4 37. f5 Nc5+ 38. Ke3 gxf5 39. exf5 Ka3 40. Nc3 b5 41. cxb5 cxb5 42. Nxb5+ Kxa2 43. g4 Kxb3 44. g5 Nd7 45. Ke4 Kb4 46. Nc7 a4 47. Nd5+ Kb3 48. gxf6 Nxf6+ 49. Nxf6 gxf6 50. h5 a3 51. h6 a2 52. h7 a1=Q 53. h8=Q Qd4+ 54.
Kf3 Qf4+ 55. Ke2 Qxf5 56. Qb8+ Kc4 57. Qc7+ Kd5 58. Qb7+ Kd6 59. Qb6+ Ke7 60. Qb7+ Qd7 61. Qb4+ Qd6 62. Qh4 Ke6 63. Qg4+ Kd5 64. Qf3+ Kc5 65. Qa3+ Kc6 0-1

[Event "Late-Titled-Tuesday-Blitz-January-16-2024"]
[Site "Chess.com"]
[Date "2024.01.16"]
[Round "4"]
[White "adic2020"]
[Black "chenxiaoyuer"]
[Result "0-1"]
[WhiteElo "2426"]
[BlackElo "2756"]
[TimeControl "180+1"]
[EndTime "14:37:40 PST"]
[Termination "chenxiaoyuer won by resignation"]

1. e3 Nf6 2. c4 g6 3. Nf3 Bg7 4. b3 O-O 5. Bb2 d6 6. d4 e5 7.
dxe5 Nfd7 8. Nc3 dxe5 9. Be2 e4 10. Nd4 Qg5 11. g3 Nf6 12. h4 Qa5 13. Qd2 Rd8 14. Nxe4 Qxd2+ 15. Nxd2 Na6 16. O-O-O c5 17. Nb5 Bf5 18.
f3 Nb4 19. e4 Be6 20. Nc7 Rac8 21. Nxe6 fxe6 22. a3 Nc6 23. e5 Nh5 24. Ne4 Bxe5 25. Bxe5 Nxe5 26. f4 Nc6 27. Bxh5 gxh5 28. Nxc5 Nd4 29. b4 b6 30. Ne4 Rxc4+ 31. Kb1 Kf7 32. Rd3 Ke7 33. Rhd1 Nc6 34. Rxd8 Nxd8 35. Ng5 Rc3 36.
Nxh7 Rxg3 37. Ng5 Rg4 38. Re1 Rxf4 39. Re4 Rxe4 40. Nxe4 Nf7 41. Kc2 Nd6 42. Ng5 Nf5 43.
Nf3 Kf6 44. Kd3 e5 45. Ke4 Ng3+ 46. Kd5 e4 47. Nd4 e3 48. a4 e2 49. Nf3 Nf5 50.
Ne1 Nxh4 51. Kc6 Nf5 52. Kb7 h4 53. Kxa7 h3 54. Kxb6 h2 55. a5 h1=Q 56. a6 Qxe1 0-1

[Event "Late-Titled-Tuesday-Blitz-January-16-2024"]
[Site "Chess.com"]
[Date "2024.01.16"]
[Round "4"]
[White "kenta1234"]
[Black "alertakobra"]
[Result "0-1"]
[WhiteElo "2760"]
[BlackElo "2426"]
[TimeControl "180+1"]
[EndTime "14:37:41 PST"]
[Termination "alertakobra won by resignation"]

1. Nf3 Nf6 2. d4 g6 3. c4 Bg7 4.
g3 O-O 5. Bg2 d5 6. cxd5 Nxd5 7.
O-O Nc6 8. e3 Re8 9. Nc3 Nb6 10.
h3 e5 11. d5 Na5 12. e4 c6 13.
Re1 cxd5 14. exd5 Nac4 15. b3 Nd6 16. Bb2 Bd7 17. Rc1 f5 18. Ba3 Qf6 19. Bc5 Rac8 20.
b4 Nbc4 21. Nd2 b6 22. Nxc4 Nxc4 23. Qb3 Nd2 24. Qd1 bxc5 25. bxc5 Rxc5 26. Qxd2 Rec8 27.
d6 e4 28. Nd5 Qxd6 29. Rxc5 Rxc5 30. Rd1 Ba4 31. Rb1 Rxd5 32. Rb8+ Qxb8 33. Qxd5+ Kh8 34.
Bf1 Bc2 35. Bc4 Bd3 36. Bxd3 exd3 37. Qxd3 h5 38. h4 Qe5 39. a4 Kh7 40. Qd7 a5 41.
Kg2 f4 42. g4 Qe4+ 43. Kf1 f3 0-1

[Event "Late-Titled-Tuesday-Blitz-January-16-2024"]
[Site "Chess.com"]
[Date "2024.01.16"]
[Round "4"]
[White "BozeKat"]
[Black "pirulillo"]
[Result "0-1"]
[WhiteElo "2097"]
[BlackElo "2273"]
[TimeControl "180+1"]
[EndTime "14:37:41 PST"]
[Termination "pirulillo won by checkmate"]

1. d4 Nf6 2. c4 g6 3. Nf3 Bg7 4. e3 d6 5. Be2 O-O 6. O-O Nbd7 7. Nc3 e5 8. b4 a5 9. b5 e4 10. Nd2 Re8 11. a4 c6 12. Ba3 Nf8 13. Qb3 h5 14. Rfb1 N8h7 15. Ra2 d5 16. bxc6 bxc6 17.
Qb6 Bd7 18. Qxd8 Rexd8 19. cxd5 cxd5 20. Bb5 Be6 21. Nb3 Bf8 22. Nc5 h4 23. h3 g5 24.
Nb7 Rdc8 25. Bxf8 Nxf8 26. Nc5 N8d7 27. Bxd7 Nxd7 28. Nxd7 Rxc3 29. Nc5 Rc8 30. Rb5 Kg7 31. Rxa5 Kf6 32. Rb5 Rc1+ 33. Kh2 g4 34. hxg4 Bxg4 35. a5 h3 36. gxh3 Rh8 37. Kg3 Bf5 38. h4 Rg8+ 39. Kf4 Rg4# 0-1

[Event "Late-Titled-Tuesday-Blitz-January-16-2024"]
[Site "Chess.com"]
[Date "2024.01.16"]
[Round "4"]
[White "secretsuperstar7"]
[Black "dasatcu90"]
[Result "1-0"]
[WhiteElo "2503"]
[BlackElo "2282"]
[TimeControl "180+1"]
[EndTime "14:37:42 PST"]
[Termination "secretsuperstar7 won by checkmate"]

1. c4 c6 2. Nc3 d5 3. e3 Nf6 4. Nf3 a6 5. b3 Bf5 6. Bb2 e6 7. Be2 Bd6 8. O-O h6 9. d3 Bh7 10. Re1 O-O 11. Bf1 Nbd7 12. e4 dxe4 13. Nxe4 Be7 14. Qc2 Qc7 15. Rad1 Rad8 16. a3 a5 17. Qc3 Nc5 18. Nxc5 Bxc5 19. b4 axb4 20. axb4 Be7 21. Ne5 Ne8 22. Ng4 h5 23. Nh6+ Kh8 24. Be2 Bf6 25. Qc1 gxh6 26. Qxh6 Qe7 27. Bxh5 Bxb2 28.
d4 Nf6 29. Rd3 Nxh5 30. Qxh5 f5 31. Rh3 Bxd4 32. Rxe6 Qg7 33. Rg6 Rf7 34. Rxg7 Rxg7 35. Qh4 Rgd7 36. g3 Bg7 37. Qxh7# 1-0

[Event "Late-Titled-Tuesday-Blitz-January-16-2024"]
[Site "Chess.com"]
[Date "2024.01.16"]
[Round "4"]
[White "jk13"]
[Black "scandalgod"]
[Result "1-0"]
[WhiteElo "2691"]
[BlackElo "2510"]
[TimeControl "180+1"]
[EndTime "14:37:44 PST"]
[Termination "jk13 won by checkmate"]

1. e4 e5 2. Nf3 Nc6 3. Bc4 Nf6 4. d3 Be7 5. O-O O-O 6. Re1 d6 7. a4 Be6 8. Nc3 Qd7 9. a5 a6 10. Nd5 Rae8 11. c3 Kh8 12. b4 Bg4 13. b5 Nb8 14. bxa6 Nxa6 15. Be3 Nxd5 16. Bxd5 c6 17. Bc4 f5 18. h3 Bxf3 19. Qxf3 fxe4 20. Qd1 exd3 21.
Bxd3 d5 22. Rb1 Nc5 23. Bc2 Bd6 24. Qh5 e4 25. c4 Re5 26. Qe2 Ref5 27. cxd5 cxd5 28.
Qb5 Qc7 29. Qb6 Qe7 30. Rbd1 Qe5 31. Bxc5 Qh2+ 32. Kf1 Bg3 33. Bxf8 Qh1+ 34. Ke2 Qxg2 35. Rf1 Qf3+ 36. Ke1 Rxf8 37. Qd4 e3 38. Rd2 exd2+ 39.
Kxd2 Bxf2 40. Qd3 Be3+ 41. Kc3 d4+ 42. Kb3 Qxf1 43. Qxh7# 1-0

[Event "Late-Titled-Tuesday-Blitz-January-16-2024"]
[Site "Chess.com"]
[Date "2024.01.16"]
[Round "4"]
[White "finec2"]
[Black "Chessbard1972"]
[Result "0-1"]
[WhiteElo "2286"]
[BlackElo "2402"]
[TimeControl "180+1"]
[EndTime "14:37:44 PST"]
[Termination "Chessbard1972 won on time"]

1. e4 c5 2. Nf3 a6 3. c4 e6 4. d4 cxd4 5. Nxd4 Nf6 6. Bd3 Qc7 7. O-O g6 8. Nc3 Bg7 9. Be3 O-O 10. Rc1 d6 11.
Qd2 Re8 12. h3 b6 13. b3 Bb7 14. Bb1 Nbd7 15. Rfd1 Rad8 16. f3 Qb8 17. Qf2 Nc5 18.
b4 Ncd7 19. a3 Ne5 20. Ba2 d5 21. cxd5 exd5 22. Nxd5 Bxd5 23. exd5 Nxd5 24. Bxd5 Rxd5 25.
f4 Nd7 26. Nc6 Rxd1+ 27. Rxd1 Qb7 28. Rc1 b5 29. Kh1 Nf6 30. Qf3 Ne4 31. Nd4 Qd5 32.
Bg1 h5 33. Rd1 h4 34. f5 Ng3+ 35. Kh2 Qe5 36. Nc6 Qc7 0-1

[Event "Late-Titled-Tuesday-Blitz-January-16-2024"]
[Site "Chess.com"]
[Date "2024.01.16"]
[Round "4"]
[White "jjbolanos"]
[Black "Kostukov_Alex"]
[Result "0-1"]
[WhiteElo "2045"]
[BlackElo "2311"]
[TimeControl "180+1"]
[EndTime "14:37:46 PST"]
[Termination "Kostukov_Alex won by resignation"]

1. e4 c5 2. c3 g6 3. d4 cxd4 4.
cxd4 d5 5. exd5 Nf6 6. Nf3 Nxd5 7. Nc3 Bg7 8. Bc4 Nb6 9. Bb3 O-O 10. O-O Nc6 11. d5 Na5 12. Bc2 Nac4 13. Rb1 Na3 14. bxa3 Bxc3 15. Bh6 Bg7 16. Bxg7 Kxg7 17. Qd4+ Kg8 18.
Rfd1 Qd6 19. a4 Nd7 20. Ng5 Nf6 21. Bb3 Bf5 22. Rbc1 Rac8 23. Rxc8 Rxc8 24. Qxa7 Ng4 25. Nf3 Be4 26. Qxb7 Rc3 27. h3 Bxf3 28. hxg4 Bxd1 29. Bxd1 Rc1 30. Qb3 Qe5 31. g3 Qe1+ 32. Kg2 Rxd1 33. Qb8+ Kg7 34. Qb2+ f6 35. Kf3 Rd3+ 36. Kg2 Qe4+ 37.
Kh2 Rd1 38. f3 Qd3 39. g5 Rd2+ 0-1

[Event "Late-Titled-Tuesday-Blitz-January-16-2024"]
[Site "Chess.com"]
[Date "2024.01.16"]
[Round "4"]
[White "ahmedkandiliii"]
[Black "Sic_Transit_GM"]
[Result "0-1"]
[WhiteElo "2420"]
[BlackElo "2675"]
[TimeControl "180+1"]
[EndTime "14:37:48 PST"]
[Termination "Sic_Transit_GM won by resignation"]

1. e4 g6 2. Nf3 Bg7 3. d4 c6 4. Nc3 d5 5. e5 Bg4 6. h3 Bxf3 7. Qxf3 e6 8. Bd3 a6 9. O-O c5 10. dxc5 Nc6 11. Re1 Nxe5 12. Qg3 Nc6 13. Bf4 Nge7 14. Bd6 O-O 15. h4 Nd4 16. h5 Nef5 17. Qh2 Nxd6 18. cxd6 Rc8 19. Rad1 Rc6 20. h6 Bh8 21.
Qf4 Qxd6 22. Qh4 Qd8 23. Qg3 Qf6 24. Qg4 Nf5 25. Bxf5 Qxf5 26. Qxf5 gxf5 27. Rd3 Rfc8 28. Rg3+ Kf8 29. Kh2 b5 30. a3 d4 31. Ne2 Rxc2 32.
Nf4 Rxf2 33. Nh5 Rcc2 34. Ng7 f4 35. Rg4 f3 36. Kh3 fxg2 37. Rxd4 Rfd2 38. Rf4 Bxg7 39. hxg7+ Kxg7 40. Rg4+ Kf8 41. b4 Rc3+ 42. Kh2 Rxa3 43. Kg1 Rad3 44. Kh2 Rd1 45. Rxd1 Rxd1 46. Rxg2 Rd4 47.
Ra2 Rxb4 48. Rxa6 Rb1 49. Kg3 b4 50. Kf4 b3 51. Rb6 Kg7 52. Ke3 b2 53. Kf2 Rh1 0-1